 Dungeon Sprint DCSS version 0.17-a0-1337-ge651487 (webtiles) character file.

21259 Kidiri the Imperceptible (level 12, -3/51 HPs)
             Began as a Spriggan Enchanter on June 10, 2015.
             Was the Champion of Dithmenos.
             Slain by a merfolk impaler
             ... wielding a +1 trident of flaming
              (19 damage)
             ... in the Dungeon (Sprint IX: "|||||||||||||||||||||||||||||").
             The game lasted 00:36:32 (4525 turns).

Kidiri the Imperceptible (Spriggan Enchanter)       Turns: 4525, Time: 00:36:32

Health: -3/51      AC:  7    Str:  7    XL:     12   Next: 52%
Magic:  41/43      EV: 34    Int: 19    God:    Dithmenos [******]
Gold:   641        SH:  0    Dex: 19    Spells: 5 memorised, 33 levels left

rFire  . . .     SeeInvis +     z - +8 short sword "Nohetseh" {venom, MR+ MP+9}
rCold  . . .     Clarity  .     b - +2 robe
rNeg   . . .     SustAt   .     (shield restricted)
rPois  .         Gourm    .     (helmet restricted)
rElec  .         Spirit   .     C - +2 cloak
rCorr  .         Warding  .     (gloves unavailable)
rMut   .         NoTele   +     (boots unavailable)
MR     +++..                    (no amulet)
Stlth  ++++++++++               r - +2 ring of evasion
                                q - +3 ring of strength

@: wreathed by umbra, very quick, extremely resistant to hostile enchantments,
uncannily stealthy
A: unfitting armour, see invisible, herbivore 3, speed 3, slow metabolism 2
a: Shadow Step, Shadow Form, Renounce Religion


You were in the Dungeon.
You worshipped Dithmenos.
Dithmenos was exalted by your worship.
You were very full.

You visited 1 branch You collected 1929 gold pieces.
You spent 1288 gold pieces at shops.

Inventory:

Hand weapons
 a - a +1 dagger
 k - a +2 dagger of venom
 l - the +4 arc blade {discharge, rElec}
   (You bought it in a shop in the Dungeon)

   It insulates you from electricity.
 o - a +4 rapier of venom
 y - a +4 dagger of chaos
 z - the +8 short sword "Nohetseh" (weapon) {venom, MR+ MP+9}
   (You bought it in a shop in the Dungeon)

   It poisons the flesh of those it strikes.
   It affects your resistance to hostile enchantments.
   It affects your magic capacity (+9).
Armour
 b - a +2 robe (worn)
 C - a +2 cloak (worn)
Jewellery
 q - a +3 ring of strength (left hand)
 r - a +2 ring of evasion (right hand)
 A - an uncursed ring of protection from magic
 B - an uncursed ring of protection from fire
Magical devices
 x - a wand of teleportation (3)
Scrolls
 j - 4 scrolls of blinking
 m - 6 scrolls of remove curse
 n - 2 scrolls of amnesia
 t - a scroll of summoning
 u - 2 scrolls of identify
 w - 2 scrolls of recharging
Potions
 e - 8 potions of curing
 f - 3 potions of heal wounds
 g - 4 potions of haste
 h - 4 potions of magic
 i - a potion of berserk rage
 p - a potion of agility
 s - 2 potions of cure mutation
Books
 c - a book of Maledictions

   Spells                             Type                      Level
   a - Corona                         Hexes                        1
   b - Ensorcelled Hibernation        Hexes/Ice                    2
   c - Confuse                        Hexes                        3
   d - Tukima's Dance                 Hexes                        3
   e - Dazzling Spray                 Conjuration/Hexes            3
Comestibles
 d - 13 bread rations
 v - 31 fruits


   Skills:
 + Level 12.0 Short Blades
 + Level 15.1 Dodging
 * Level 21.7 Stealth
 * Level 17.4 Spellcasting
 + Level 7.9 Conjurations
 + Level 13.4 Hexes
 + Level 9.2 Ice Magic
 - Level 8.1 Invocations


You had 33 spell levels left.
You knew the following spells:

 Your Spells              Type           Power        Failure   Level  Hunger
a - Corona                Hex            ######.      0%          1    None
b - Ensorcelled Hibernat  Hex/Ice        ######       1%          2    None
c - Confuse               Hex            ######..     1%          3    None
d - Tukima's Dance        Hex            ######..     1%          3    None
e - Dazzling Spray        Conj/Hex       ######..     1%          3    None


Dungeon Overview and Level Annotations

Branches:
Dungeon (1/1)

Altars:
Cheibriados
Dithmenos
Elyvilon
Fedhas
Gozag
Kikubaaqudgha
Makhleb
Nemelex Xobeh
Okawaru
Qazlal
Ru
Sif Muna
Trog
Vehumet
Xom
Yredelemnul
Zin
The Shining One
Beogh
Jiyva
Lugonu

Shops:
D %(((


Innate Abilities, Weirdness & Mutations

You are tiny and cannot use many weapons and most armour.
You have supernaturally acute eyesight.
You are a herbivore.
You cover ground extremely quickly.
You need consume almost no food.


Message History

The merfolk is lightly wounded.
You puncture the merfolk!
The merfolk looks even sicker.
The merfolk is moderately wounded.
Your shadow hits the merfolk with a short sword.
The merfolk impaler completely misses you.
Unknown command.
Casting: Ensorcelled Hibernation
Confirm with . or Enter, or press ? or * to list all spells.
Aiming: Ensorcelled Hibernation
Press: ? - help, Shift-Dir - straight line, f - merfolk
Aim: a merfolk, wielding a trident (black smoke, heavily wounded, poisoned, umbra, chance to defeat MR: 55%)
The merfolk resists with some effort.
Your shadow mimicks your spell!
The merfolk easily resists.
The merfolk barely misses you.
The merfolk impaler completely misses you.
You hit the merfolk.
The merfolk is severely wounded.
The merfolk closely misses you.
The merfolk impaler hits you from afar with a trident of flaming!!
You die...

♣.▓.▓.▓)▓.▓.▓.▓_
♣.▓.▓.▓)▓.▓.▓.▓_
♣+♣.▓.▓.▓.▓.▓.▓.▓_
▓m▓.▓.▓.▓.▓.▓.▓.▓_
▓t▓.▓.▓.▓.▓.▓%▓.▓_
▓t▓.▓.▓.▓.▓.▓÷▓.▓_
▓m▓.▓[▓.▓)▓.▓%▓.▓_
▓m▓.▓[▓.▓)▓.▓.▓.▓_
▓@▓.▓[▓.▓)▓.▓.▓.▓_
▓§▓.▓[▓.▓)▓.▓.▓.▓_
▓§▓.▓[▓.▓'▓.▓.▓.▓_
▓†▓.▓[▓.▓.▓.▓.▓.▓_
▓'▓.▓[▓.▓.▓.▓.▓.▓_
▓.▓.▓[▓.▓.▓.▓.▓.▓_
▓.▓.▓.▓.▓.▓.▓%▓.▓_
▓.▓.▓)▓.▓.▓.▓.▓.▓_
▓.▓.▓)▓.▓.▓.▓%▓.▓_


You could see a merfolk impaler and a merfolk.

Vanquished Creatures
  2 very ugly things (D)
  An ice dragon (D)
  2 hydras (D)
  An ogre mage (D)
  5 orc high priests (D)
  A hell knight (D)
  An unseen horror (D)
  2 hill giants (D)
  2 ugly things (D)
  3 orb spiders (D)
  2 griffons (D)
  A gargoyle (D)
  Psyche (D)
  2 torpor snails (D)
  3 komodo dragons (D)
  4 spiny frogs (D)
  A demonic crawler (D)
  A giant leech (D)
  2 blink frogs (D)
  A troll (D)
  A slime creature (D)
  A deep elf mage (D)
  A tarantella (D)
  2 trapdoor spiders (D)
  A yak (D)
  2 snapping turtles (D)
  2 basilisks (D)
  2 vampire mosquitoes (D)
  A wolf (D)
  3 water moccasins (D)
  11 orc warriors (D)
  A porcupine (D)
  A phantom (D)
  An ice beast (D)
  2 ogres (D)
  A spider (D)
  2 crocodiles (D)
  4 giant frogs (D)
  A scorpion (D)
  A hound (D)
  9 orc priests (D)
  An iguana (D)
  8 orc wizards (D)
  An adder (D)
  8 orcs (D)
  A giant cockroach (D)
  A giant gecko zombie (D)
  A giant newt (D)
  5 goblins (D)
  A rat (D)
115 creatures vanquished.

Notes
Turn   | Place    | Note
--------------------------------------------------------------
     0 | D        | Kidiri the Spriggan Enchanter began the quest for the Orb.
     0 | D        | Reached XP level 1. HP: 9/9 MP: 5/5
    14 | D        | Reached skill level 5 in Stealth
    45 | D        | Noticed an ogre
    45 | D        | Noticed a hound
   227 | D        | Killed a hound
   227 | D        | Reached skill level 7 in Stealth
   227 | D        | Reached XP level 2. HP: 13/13 MP: 4/8
   227 | D        | Reached XP level 3. HP: 16/16 MP: 5/10
   235 | D        | Learned a level 2 spell: Ensorcelled Hibernation
   239 | D        | Learned a level 3 spell: Confuse
   243 | D        | Learned a level 3 spell: Tukima's Dance
   268 | D        | Killed an ogre
   268 | D        | Reached skill level 5 in Dodging
   268 | D        | Reached skill level 9 in Stealth
   268 | D        | Reached skill level 5 in Hexes
   268 | D        | Reached skill level 1 in Ice Magic
   268 | D        | Reached XP level 4. HP: 21/21 MP: 9/13
   287 | D        | Found a glowing silver altar of Zin.
   287 | D        | Found a glowing golden altar of the Shining One.
   287 | D        | Found an ancient bone altar of Kikubaaqudgha.
   287 | D        | Found a basalt altar of Yredelemnul.
   287 | D        | Found a shimmering altar of Xom.
   287 | D        | Found a radiant altar of Vehumet.
   288 | D        | Found an iron altar of Okawaru.
   289 | D        | Found a burning altar of Makhleb.
   290 | D        | Found a deep blue altar of Sif Muna.
   291 | D        | Found a bloodstained altar of Trog.
   292 | D        | Found a sparkling altar of Nemelex Xobeh.
   293 | D        | Found a white marble altar of Elyvilon.
   294 | D        | Found a roughly hewn altar of Beogh.
   295 | D        | Found a viscous altar of Jiyva.
   296 | D        | Found a corrupted altar of Lugonu.
   297 | D        | Found a blossoming altar of Fedhas.
   298 | D        | Found a snail-covered altar of Cheibriados.
   299 | D        | Found a shadowy altar of Dithmenos.
   300 | D        | Found a stormy altar of Qazlal.
   301 | D        | Found an opulent altar of Gozag.
   302 | D        | Found a sacrificial altar of Ru.
   309 | D        | Became a worshipper of Dithmenos the Shadowed
   314 | D        | Learned a level 3 spell: Dazzling Spray
   355 | D        | Noticed an orc wizard
   355 | D        | Noticed a scorpion
   355 | D        | Noticed a hill giant
   355 | D        | Noticed an iguana
   358 | D        | Reached XP level 5. HP: 24/24 MP: 12/15
   425 | D        | Killed a hill giant
   425 | D        | Reached skill level 5 in Short Blades
   425 | D        | Reached skill level 12 in Stealth
   425 | D        | Reached XP level 6. HP: 9/28 MP: 2/19
   425 | D        | Reached XP level 7. HP: 10/32 MP: 2/20
   681 | D        | Killed an iguana
   685 | D        | Killed a scorpion
   772 | D        | Killed an orc wizard
   772 | D        | Acquired Dithmenos's first power
   844 | D        | Noticed a gargoyle
   844 | D        | Noticed an orc warrior
   844 | D        | Noticed a hill giant
   844 | D        | Noticed a green ugly thing
   844 | D        | Noticed a phantom
   844 | D        | Noticed an ogre
   846 | D        | Killed an ogre
   851 | D        | Killed a phantom
   851 | D        | Reached skill level 10 in Spellcasting
   861 | D        | Killed a green ugly thing
   861 | D        | Reached skill level 13 in Stealth
   861 | D        | Reached XP level 8. HP: 36/36 MP: 13/23
   863 | D        | Killed a hill giant
   863 | D        | Acquired Dithmenos's second power
   863 | D        | Reached skill level 14 in Stealth
   863 | D        | Reached skill level 5 in Invocations
   880 | D        | Killed an orc warrior
   880 | D        | Reached skill level 5 in Ice Magic
   907 | D        | Killed a gargoyle
   907 | D        | Reached skill level 10 in Dodging
   907 | D        | Reached XP level 9. HP: 37/39 MP: 2/25
  1142 | D        | Noticed a porcupine
  1142 | D        | Noticed a water moccasin
  1142 | D        | Noticed a water moccasin
  1142 | D        | Noticed a yak
  1142 | D        | Noticed a crocodile
  1142 | D        | Noticed a crocodile
  1143 | D        | Noticed a spiny frog
  1144 | D        | Killed a crocodile
  1145 | D        | Noticed a giant frog
  1150 | D        | Killed a crocodile
  1152 | D        | Killed a yak
  1152 | D        | Reached skill level 15 in Stealth
  1154 | D        | Killed a water moccasin
  1154 | D        | Acquired Dithmenos's third power
  1160 | D        | Killed a water moccasin
  1162 | D        | Killed a porcupine
  1163 | D        | Noticed a basilisk
  1173 | D        | Killed a spiny frog
  1176 | D        | Killed a giant frog
  1179 | D        | Killed a basilisk
  1179 | D        | Acquired Dithmenos's fourth power
  1318 | D        | Noticed a blink frog
  1318 | D        | Noticed a wolf
  1318 | D        | Noticed a spiny frog
  1318 | D        | Noticed a komodo dragon
  1318 | D        | Noticed a komodo dragon
  1318 | D        | Noticed a seven-headed hydra
  1319 | D        | Noticed a torpor snail
  1320 | D        | Killed a seven-headed hydra
  1320 | D        | Reached skill level 16 in Stealth
  1320 | D        | Reached XP level 10. HP: 44/44 MP: 27/27
  1325 | D        | Noticed a water moccasin
  1332 | D        | Killed a komodo dragon
  1332 | D        | Reached skill level 5 in Conjurations
  1332 | D        | Reached skill level 10 in Hexes
  1334 | D        | Noticed a four-headed hydra
  1334 | D        | Killed a komodo dragon
  1336 | D        | Killed a spiny frog
  1342 | D        | Killed a wolf
  1344 | D        | Killed a torpor snail
  1344 | D        | Reached skill level 17 in Stealth
  1357 | D        | Killed a four-headed hydra
  1359 | D        | Killed a water moccasin
  1365 | D        | Killed a blink frog
  1578 | D        | Noticed a spiny frog
  1578 | D        | Noticed a vampire mosquito
  1578 | D        | Noticed a giant frog
  1578 | D        | Noticed a giant leech
  1578 | D        | Noticed a giant frog
  1578 | D        | Noticed a blink frog
  1579 | D        | Noticed a vampire mosquito
  1580 | D        | Killed a blink frog
  1581 | D        | Noticed a spiny frog
  1582 | D        | Killed a giant frog
  1585 | D        | Killed a giant leech
  1587 | D        | Killed a giant frog
  1593 | D        | Killed a vampire mosquito
  1595 | D        | Killed a spiny frog
  1604 | D        | Killed a vampire mosquito
  1604 | D        | Reached skill level 18 in Stealth
  1606 | D        | Killed a spiny frog
  1723 | D        | Noticed Psyche
  1725 | D        | Killed Psyche
  1799 | D        | Noticed an orc wizard
  1799 | D        | Noticed an orc priest
  1807 | D        | Noticed an orc wizard
  1807 | D        | Killed an orc priest
  1807 | D        | Reached XP level 11. HP: 36/47 MP: 26/30
  1809 | D        | Killed an orc wizard
  1811 | D        | Noticed an orc wizard
  1818 | D        | Noticed an orc wizard
  1821 | D        | Killed an orc wizard
  1823 | D        | Noticed an orc wizard
  1831 | D        | Killed an orc wizard
  1832 | D        | Noticed an orc wizard
  1835 | D        | Killed an orc wizard
  1840 | D        | Killed an orc wizard
  1849 | D        | Killed an orc wizard
  1954 | D        | Noticed an orc warrior
  1954 | D        | Noticed an orc warrior
  1954 | D        | Noticed an orc warrior
  1954 | D        | Noticed an orc warrior
  1954 | D        | Noticed an orc warrior
  1954 | D        | Noticed an orc warrior
  1955 | D        | Noticed an orc warrior
  1958 | D        | Killed an orc warrior
  1960 | D        | Killed an orc warrior
  1961 | D        | Noticed an orc warrior
  1963 | D        | Noticed an orc warrior
  1964 | D        | Killed an orc warrior
  1966 | D        | Killed an orc warrior
  1970 | D        | Killed an orc warrior
  1973 | D        | Killed an orc warrior
  1974 | D        | Noticed an orc wizard
  1976 | D        | Noticed an orc warrior
  1984 | D        | Killed an orc warrior
  1986 | D        | Killed an orc warrior
  1986 | D        | Reached skill level 10 in Short Blades
  1989 | D        | Killed an orc warrior
  1992 | D        | Killed an orc warrior
  1994 | D        | Killed an orc wizard
  2106 | D        | Found Rar Ug Zocs's Antique Weapon Boutique.
  2106 | D        | Noticed an orc priest
  2106 | D        | Noticed an orc high priest
  2106 | D        | Noticed an orc high priest
  2106 | D        | Noticed an orc priest
  2106 | D        | Noticed an orc priest
  2107 | D        | Noticed an orc priest
  2108 | D        | Killed an orc priest
  2109 | D        | Found Hutim's Antique Weapon Shop.
  2115 | D        | Killed an orc priest
  2135 | D        | Noticed a soul eater
  2304 | D        | Noticed a soul eater
  2305 | D        | Noticed a soul eater
  2311 | D        | Killed an orc high priest
  2351 | D        | Killed an orc high priest
  2351 | D        | Reached skill level 19 in Stealth
  2351 | D        | Reached skill level 15 in Spellcasting
  2640 | D        | Killed an orc priest
  2642 | D        | Killed an orc priest
  2645 | D        | Noticed an orc high priest
  2649 | D        | Found Zymuvun's Antique Weapon Boutique.
  2650 | D        | Noticed an orc high priest
  2651 | D        | Found Anafyi's Food Shop.
  2652 | D        | Noticed an orc priest
  2664 | D        | Killed an orc high priest
  2970 | D        | Noticed an orc priest
  3023 | D        | Killed an orc high priest
  3035 | D        | Killed an orc priest
  3185 | D        | Killed an orc priest
  3318 | D        | Noticed an orc priest
  3319 | D        | Killed an orc priest
  3371 | D        | Noticed an orc priest
  3377 | D        | Killed an orc priest
  3393 | D        | Bought the +4 arc blade {discharge, rElec} for 1064 gold pieces
  3393 | D        | Bought a smoking short sword for 224 gold pieces
  3394 | D        | Noticed an orc high priest
  3396 | D        | Identified the +8 short sword "Nohetseh" {venom, MR+ MP+9} (You bought it in a shop in the Dungeon)
  3419 | D        | Killed an orc high priest
  3636 | D        | Noticed a troll
  3636 | D        | Noticed a basilisk
  3636 | D        | Noticed an ice beast
  3636 | D        | Noticed a komodo dragon
  3636 | D        | Noticed an unseen horror
  3637 | D        | Noticed a giant frog
  3639 | D        | Noticed a deep elf mage
  3640 | D        | Killed an unseen horror
  3641 | D        | Noticed a purple ugly thing
  3642 | D        | Killed a komodo dragon
  3643 | D        | Noticed a hell knight
  3644 | D        | Killed an ice beast
  3645 | D        | Noticed a slime creature
  3646 | D        | Killed a basilisk
  3647 | D        | Noticed an ice dragon
  3648 | D        | Killed a troll
  3649 | D        | Noticed a white very ugly thing
  3650 | D        | Killed a giant frog
  3651 | D        | Noticed an ogre mage
  3652 | D        | Killed a deep elf mage
  3652 | D        | Reached skill level 20 in Stealth
  3653 | D        | Noticed a cyan very ugly thing
  3654 | D        | Killed a purple ugly thing
  3656 | D        | Killed a hell knight
  3657 | D        | Killed a slime creature
  3660 | D        | Killed an ice dragon
  3662 | D        | Killed a white very ugly thing
  3662 | D        | Reached XP level 12. HP: 49/51 MP: 31/33
  3664 | D        | Killed an ogre mage
  3666 | D        | Killed a cyan very ugly thing
  3666 | D        | Reached skill level 21 in Stealth
  3792 | D        | Noticed a demonic crawler
  3792 | D        | Noticed a tarantella
  3792 | D        | Noticed a spider
  3792 | D        | Noticed an orb spider
  3793 | D        | Noticed an orb spider
  3794 | D        | Killed an orb spider
  3795 | D        | Noticed an orb spider
  3796 | D        | Noticed a trapdoor spider
  3796 | D        | Killed a trapdoor spider
  3796 | D        | Noticed a trapdoor spider
  3800 | D        | Killed a trapdoor spider
  3804 | D        | Killed a spider
  3932 | D        | Killed a tarantella
  3934 | D        | Noticed a torpor snail
  3943 | D        | Killed a demonic crawler
  4349 | D        | Killed an orb spider
  4362 | D        | Killed an orb spider
  4365 | D        | Killed a torpor snail
  4511 | D        | Noticed a merfolk impaler
  4511 | D        | Noticed a merfolk
  4511 | D        | Noticed a griffon
  4511 | D        | Noticed a snapping turtle
  4511 | D        | Noticed a griffon
  4511 | D        | Noticed a snapping turtle
  4512 | D        | Noticed a snapping turtle
  4513 | D        | Killed a snapping turtle
  4513 | D        | Reached skill level 15 in Dodging
  4514 | D        | Noticed an alligator snapping turtle
  4515 | D        | Killed a griffon
  4516 | D        | Noticed a merfolk aquamancer
  4517 | D        | Killed a snapping turtle
  4519 | D        | Killed a griffon
  4525 | D        | Slain by a merfolk impaler

Vault maps used:
D:        linesprint

Action                   |  1- 3 |  4- 6 |  7- 9 | 10-12 || total
-------------------------+-------+-------+-------+-------++-------
Melee: Dagger            |    25 |     1 |       |       ||    26
       Rapier            |       |     9 |    62 |   182 ||   253
       Short sword       |       |       |       |    48 ||    48
 Cast: Corona            |     3 |       |       |       ||     3
       Ensorcelled Hiber |     1 |     9 |    27 |    53 ||    90
       Confuse           |       |     1 |     6 |    12 ||    19
       Dazzling Spray    |       |       |       |     1 ||     1
Invok: Shadow Step       |       |       |       |     1 ||     1
  Use: Scroll            |       |       |     2 |     2 ||     4
       Potion            |       |       |     1 |     2 ||     3
 Stab: Sleeping          |     1 |     3 |    14 |    49 ||    67
       Confused          |       |       |     8 |     3 ||    11
       Distracted        |       |       |       |     3 ||     3
  Eat: Fruit             |       |       |       |     9 ||     9
